 Dungeon Crawl Stone Soup version 0.22-a0-75-g1fede22 (webtiles) character file.

1065 KristoblXynda the Slasher (level 8, -3/56 HPs)
             Began as a Formicid Gladiator on Jan 12, 2018.
             Was an Initiate of Qazlal.
             Slain by Menkaure (17 damage)
             ... on level 6 of the Dungeon.
             The game lasted 00:11:30 (7028 turns).

KristoblXynda the Slasher (Formicid Gladiator)      Turns: 7028, Time: 00:11:31

Health: -3/56      AC:  9    Str: 21    XL:     8   Next: 52%
Magic:  10/10      EV: 12    Int: 10    God:    Qazlal [......]
Gold:   287        SH:  4    Dex: 12    Spells: 7/7 levels left

rFire    + . .     SeeInvis +   a - +1 long sword
rCold    . . .     Gourm    .   (no shield)
rNeg     . . .     Faith    .   j - +0 scale mail
rPois    .         Spirit   .   (helmet unavailable)
rElec    .         Reflect  +   (no cloak)
rCorr    .         Harm     .   t - +1 pair of gloves
MR       .....                  (no boots)
Stlth    ..........             g - +4 amulet of reflection
HPRegen  0.18/turn              n - ring of protection from fire
MPRegen  0.12/turn              v - +2 ring of strength

@: no status effects
A: permanent stasis, dig shafts and tunnels, four strong arms, antennae 3
a: Dig, Shaft Self, Renounce Religion


You were on level 6 of the Dungeon.
You worshipped Qazlal.
Qazlal was noncommittal.
You were not hungry.

You visited 2 branches of the dungeon, and saw 7 of its levels.
You also visited: Sewer.

You collected 287 gold pieces.

Inventory:

Hand Weapons
 a - a +1 long sword (weapon)
Missiles
 c - 4 throwing nets (quivered)
Armour
 h - a +2 large shield
 j - a +0 scale mail (worn)
 t - a +1 pair of gloves (worn)
Jewellery
 g - a +4 amulet of reflection (around neck)
 n - a ring of protection from fire (left hand)
 r - an uncursed ring of protection from magic
 v - a +2 ring of strength (right hand)
Wands
 s - a wand of acid (13)
Scrolls
 f - 3 scrolls of enchant weapon
 i - a scroll of fear {unknown}
 p - a scroll of acquirement {unknown}
 q - a scroll of noise {unknown}
 u - a scroll of fog {unknown}
Potions
 b - 2 potions of brilliance {unknown}
 e - a potion of lignification
 k - a potion of ambrosia
 l - a potion of heal wounds
 m - 3 potions of might
 o - a potion of magic {unknown}
Comestibles
 d - 7 rations


   Skills:
 - Level 2.1 Fighting
 + Level 6.2 Long Blades
 - Level 2.0 Throwing
 + Level 5.8 Armour
 - Level 5.0 Dodging
 + Level 3.0 Invocations


You had 7 spell levels left.
You didn't know any spells.

Dungeon Overview and Level Annotations

Branches:
Dungeon (6/15)             Temple (1/1) D:5

Altars:
Ashenzari
Cheibriados
Dithmenos
Elyvilon
Fedhas
Gozag
Hepliaklqana
Kikubaaqudgha
Makhleb
Nemelex Xobeh
Okawaru
Qazlal
Ru
Sif Muna
Trog
Uskayaw
Vehumet
Wu Jian
Xom
Yredelemnul
Zin
The Shining One

Annotations:
D:6 Menkaure


Innate Abilities, Weirdness & Mutations

You cannot be hasted, slowed, berserked, paralysed or teleported.
You can dig through walls and to a lower floor.
Your four strong arms can wield two-handed weapons with a shield.
You have a pair of large antennae on your head. (SInv)


Message History

HP restored.
You now have 287 gold pieces (gained 11).
Menkaure, Prince of Dust comes into view.
Menkaure is nearby!
Menkaure is nearby!
Menkaure is nearby!
Menkaure gestures wildly while chanting.
Menkaure seems to speed up.
You start waiting.
You sense a monster nearby.
Menkaure calls on the powers of darkness!
Your body is wracked with pain!
Menkaure whispers, "It doesn't hurt if you pull your brain out of your nose yourself."
Menkaure hits you!
You hit Menkaure.
Menkaure is lightly damaged.
Menkaure hits you.
* * * LOW HITPOINT WARNING * * *
Menkaure hits you!
You die...

###############
#.............#
#.............# ###
#.............+ ...
###..........###..
#...........##..
#...........##..
#########...######...#..
......M@....# #...#..
.......###### ##...#..
....... #...##.. ...####
##...#### .. ##...###..
# ##...## #.. { #...##
#.. ##.†.# #.. #...##
#..


You could see Menkaure.

Vanquished Creatures
  An ice beast (D:5)
  An ogre (D:5)
  2 bullfrogs (D:6)
  A scorpion (D:5)
  A howler monkey (D:4)
  2 crimson imps (D:5)
  A hound (D:6)
  2 jellies
  2 orc wizards (D:5)
  2 orc priests
  6 worker ants
  A gnoll (D:1)
  11 adders
  4 river rats
  A shadow imp (D:6)
  2 dart slugs
  4 leopard geckos
  10 orcs
  4 giant cockroaches
  5 goblins
  4 hobgoblins
  8 kobolds
  2 quokkas (D:3)
  7 ball pythons
  A ball python skeleton (D:2)
  13 bats
  12 frilled lizards
  A jackal skeleton (D:5)
  2 quokka skeletons
  12 rats
125 creatures vanquished.

Notes
Turn   | Place    | Note
-------+----------+-------------------------------------------
     0 | D:1      | KristoblXynda the Formicid Gladiator began the quest for the Orb.
     0 | D:1      | Reached XP level 1. HP: 16/16 MP: 1/1
   103 | D:1      | Reached XP level 2. HP: 21/22 MP: 2/2
   110 | D:1      | Reached skill level 1 in Armour
   379 | D:1      | Reached XP level 3. HP: 20/27 MP: 3/3
  1201 | D:2      | Reached XP level 4. HP: 17/33 MP: 4/4
  2845 | D:3      | Reached XP level 5. HP: 37/38 MP: 5/5
  3073 | D:3      | Reached skill level 4 in Long Blades
  3431 | D:4      | Reached XP level 6. HP: 16/44 MP: 6/6
  4434 | D:5      | Entered Level 5 of the Dungeon
  4475 | D:5      | Reached XP level 7. HP: 48/50 MP: 7/7
  4648 | D:5      | Found a glowing drain.
  4652 | Sewer    | Entered a sewer
  4884 | Sewer    | Reached skill level 5 in Long Blades
  5484 | D:5      | Found a staircase to the Ecumenical Temple.
  5540 | Temple   | Entered the Ecumenical Temple
  5586 | Temple   | Became a worshipper of Qazlal Stormbringer
  5998 | D:5      | Found an ancient bone altar of Kikubaaqudgha.
  6006 | D:5      | Reached skill level 5 in Dodging
  6027 | D:5      | Reached skill level 5 in Armour
  6027 | D:5      | Reached XP level 8. HP: 20/56 MP: 8/8
  6069 | D:5      | Reached skill level 1 in Invocations
  6377 | D:5      | Found a sparkling altar of Nemelex Xobeh.
  6824 | D:6      | Reached skill level 6 in Long Blades
  7020 | D:6      | Noticed Menkaure
  7028 | D:6      | Slain by Menkaure

Vault maps used:
D:1:      sevenhm_arrival_forest_fort_small_5
D:2:      cheibrodos_helix_gallery
D:3:      first_ration
D:4:      dk_noncrumbling_4
D:5:      marbit_many_paths, minmay_temple_entry_large_hall,
          gup_sewer_entry_spiral, minmay_ruined_shrine
D:6:      serial_curves, eino_curves_02, eino_curves_02, eino_curves_04,
          corner_web_ring, uniq_pikel, uniq_menkaure, uniq_edmund
Temple:   regret_index_temple_sigil_plot
Sewer:    sewer_co_cracked_pipes

Skill      XL: |  1  2  3  4  5  6  7  8 |
---------------+-------------------------+-----
Armour         | 1 2 3 5 |  5.8
Dodging        | 3 4 5 |  5.0
Long Blades    | 4 5 6 |  6.2
Invocations    | 3 |  3.0
Fighting       | |  2.1
Throwing       | |  2.0

Action                   |  1- 3 |  4- 6 |  7- 9 || total
-------------------------+-------+-------+-------++-------
Melee: Long sword        |    68 |   176 |   195 ||   439
  Use: Scroll            |       |    12 |       ||    12
       Potion            |       |     4 |       ||     4
  Eat: Chunk             |     1 |     7 |     3 ||    11
       Ration            |       |     1 |     2 ||     3
Armor: Leather armour    |    26 |    16 |       ||    42
       Scale mail        |       |    64 |    91 ||   155
Dodge: Dodged            |    71 |   149 |   124 ||   344
Block: Other             |       |    24 |    28 ||    52
       Reflection        |       |     1 |     1 ||     2
       Rpst.: Long sword |    20 |    50 |    45 ||   115

Table legend:
 A = Spawn XP
 B = Non-spawn XP
 C = Spawn XP percentage of total XP
 D = Spawn monster count
 E = Non-spawn monster count
 F = Spawn count percentage of total count
 G = Total turns spent on level
                    A         B        C        D         E        F      G
               +---------+---------+-------+---------+---------+-------+---------
         Total |       0 |    1522 |   0.0 |       0 |     125 |   0.0 |  7028
               +---------+---------+-------+---------+---------+-------+---------
           D:1 |       0 |      52 |   0.0 |       0 |      27 |   0.0 |  1123
           D:2 |       0 |      80 |   0.0 |       0 |      12 |   0.0 |  1657
           D:3 |       0 |      43 |   0.0 |       0 |      20 |   0.0 |   616
           D:4 |       0 |     232 |   0.0 |       0 |      14 |   0.0 |  1038
           D:5 |       0 |     721 |   0.0 |       0 |      28 |   0.0 |  1745
           D:6 |       0 |     314 |   0.0 |       0 |       7 |   0.0 |   262
         Sewer |       0 |      80 |   0.0 |       0 |      17 |   0.0 |   323
               +---------+---------+-------+---------+---------+-------+---------
